 Dungeon Crawl Stone Soup version 0.30-a0-341-g682706514a (webtiles) character file.

Game seed: 9884909739668417584

60 retardedninja the Trooper (level 4, -2/40 HPs)
             Began as a Hill Orc Fighter on Nov 2, 2022.
             Slain by a sky beast (4 damage)
             ... on level 3 of the Dungeon.
             The game lasted 00:02:47 (1741 turns).

retardedninja the Trooper (Hill Orc Fighter)        Turns: 1741, Time: 00:02:48

Health: -2/40      AC:  8    Str: 20    XL:     4   Next: 6%
Magic:  4/4        EV:  9    Int:  8    God:
Gold:   100        SH:  4    Dex: 10    Spells: 3/3 levels left

rFire   . . .      SeeInvis .    a - +0 war axe
rCold   . . .      Faith    .    c - +0 buckler
rNeg    . . .      Spirit   .    b - +0 scale mail
rPois   .          Reflect  .    (no helmet)
rElec   .          Harm     .    (no cloak)
rCorr   .          Rampage  .    l - +0 pair of gloves
Will    .....                    (no boots)
Stlth   ..........               (no amulet)
HPRegen 0.26/turn                (no ring)
MPRegen 0.09/turn                (no ring)

@: mighty
A: no striking features
a: no special abilities


You were on level 3 of the Dungeon.
You visited 1 branch of the dungeon, and saw 3 of its levels.

You collected 100 gold pieces.

Inventory:

Hand Weapons
 a - a +0 war axe (weapon)
Armour
 b - a +0 scale mail (worn)
 c - a +0 buckler (worn)
 l - a +0 pair of gloves (worn)
Jewellery
 p - a +4 ring of evasion
Scrolls
 e - 2 scrolls of identify {unknown}
 g - 2 scrolls of butterflies {unknown}
 h - a scroll of brand weapon {unknown}
 j - 2 scrolls of noise {unknown}
 m - a scroll of vulnerability {unknown}
 n - a scroll of immolation {unknown}
 o - a scroll of teleportation {unknown}
Potions
 d - a potion of might
 f - a potion of mutation {unknown}
 i - 2 potions of ambrosia {unknown}
 k - a potion of curing {unknown}


   Skills:
 + Level 4.2 Fighting
 + Level 3.6 Axes
 + Level 3.9 Armour
 + Level 3.8 Shields


You had 3 spell levels left.
You didn't know any spells.
Your spell library was empty.

Dungeon Overview and Level Annotations

Branches:
Dungeon (3/15)

Altars:
Wu Jian


Message History

The sky beast hits you but does no damage.
The hobgoblin barely misses you.
The sky beast flickers out of sight!
Deactivating autopickup; reactivate with Ctrl-A.
Something hits you but does no damage. The hobgoblin barely misses you.
You hit the hobgoblin.
The hobgoblin is severely wounded.
You miss something. Something hits you but does no damage.
The hobgoblin misses you.
You closely miss the hobgoblin.
The hobgoblin is severely wounded.
You closely miss something. Something hits you. Something shocks you.
The hobgoblin hits you but does no damage.
The hobgoblin closely misses you. Something hits you but does no damage.
You slash the hobgoblin!
You kill the hobgoblin!
You miss something. Something hits you but does no damage.
No target in view!
No target in view!
No target in view!
No target in view!
No target in view!
No target in view!
No target in view!
No target in view!
No target in view!
Something hits you. Something shocks you.
You feel very mighty all of a sudden. Something hits you but does no damage.
You barely miss something. Something hits you but does no damage.
Something hits you. Something shocks you.
* * * LOW HITPOINT WARNING * * *
You barely miss something. Something hits you but does no damage.
You miss something. Something hits you but does no damage.
You closely miss something. You block something's attack. Something hits you.
* * * LOW HITPOINT WARNING * * *
Something shocks you.
* * * LOW HITPOINT WARNING * * *
You closely miss something. You block something's attack.
You barely miss something. Something hits you.
You die...

####....#.###
#รท#.##...
#....#<# #.#.....#
#....#.# #.##.#...
#....#.# #.......#
##.#.##.#
#......##
#.......# ####.###
#.##.#.## #.####
###.##{#.# #.....
#.....@.#.......
#####.
....#.####.###....
#. # # .# .. ## .#
.# .# .# #.


There were no monsters in sight!

Vanquished Creatures
  3 orcs (D:3)
  7 ball pythons
  4 bats
  7 endoplasms
  3 giant cockroaches
  5 hobgoblins
  7 jackals (D:2)
  3 quokkas
  3 kobolds
  6 rats
48 creatures vanquished.

Notes
Turn   | Place    | Note
-------+----------+-------------------------------------------
     0 | D:1      | retardedninja the Hill Orc Fighter began the quest for the
                  | Orb.
     0 | D:1      | Reached XP level 1. HP: 19/19 MP: 1/1
    95 | D:1      | Reached XP level 2. HP: 27/27 MP: 2/2
   613 | D:1      | Reached skill level 4 in Fighting
   627 | D:1      | Reached XP level 3. HP: 32/33 MP: 3/3
   957 | D:2      | Found an ornate altar of the Wu Jian Council.
  1018 | D:2      | Found a faded altar of an unknown god.
  1521 | D:3      | Reached XP level 4. HP: 29/40 MP: 4/4
  1726 | D:3      | Noticed a sky beast
  1739 | D:3      | HP: 1/40 [something (6)]
  1741 | D:3      | Slain by a sky beast

Illustrated notes

Levels and vault maps discovered:
D:1:      lemuel_arrival_cross, layout_basic
D:2:      layout_rooms, hellmonk_ecumenical_altar_heavens_door, basic_altar
D:3:      layout_loops_cross, uniq_jessica

Skill      XL: |  1  2 |
---------------+-------+-----
Axes           | 3 |  3.6
Fighting       | 4 |  4.2
Armour         | |  3.9
Shields        | |  3.8

Action                   |  1- 3 |  4- 6 || total
-------------------------+-------+-------++-------
Melee: War axe           |   130 |    12 ||   142
  Use: Potion            |       |     1 ||     1
Armor: Scale mail        |    72 |    12 ||    84
Dodge: Dodged            |    77 |     4 ||    81
Block: Buckler           |    27 |     4 ||    31

Table legend: (Time is in decaauts)
 A = Elapsed time spent in this place.
 B = Non-inter-level travel time spent in this place.
 C = Inter-level travel time spent in this place.
 D = Time resting spent in this place.
 E = Time spent auto-exploring this place.
 F = Levels seen in this place.
 G = Mean time per level.
                   A        B        C        D        E       F      G
               +--------+--------+--------+--------+--------+-----+--------+
         Total |   1791 |   1746 |     45 |    140 |   1235 |   3 |  597.0 |
       Dungeon |   1791 |   1746 |     45 |    140 |   1235 |   3 |  597.0 |
               +--------+--------+--------+--------+--------+-----+--------+

Top non-repeatable levels by time:
     D:1: 767 daAuts
     D:2: 529 daAuts
     D:3: 494 daAuts
